 Dungeon Crawl Stone Soup version 0.28-a0-465-ge2dae52223 (webtiles) character file.

Game seed: 7097531782602980416

175 robertstho the Magician (level 5, -2/38 HPs)
             Began as a Djinni Fire Elementalist on Sept 14, 2021.
             Slain by Blork the orc (10 damage)
             ... on level 4 of the Dungeon.
             The game lasted 00:04:28 (3913 turns).

robertstho the Magician (Djinni Fire Elementalist)  Turns: 3913, Time: 00:04:29

Health: -2/38      AC:  4    Str:  7    XL:     5   Next: 86%
Gold:   182        EV: 12    Int: 17    God:
                   SH:  0    Dex: 14

rFire   + + .      SeeInvis .   m - +2 short sword (speed)
rCold   x . .      Faith    .   (no shield)
rNeg    . . .      Spirit   .   a - +0 robe
rPois   ∞          Reflect  .   d - +0 helmet
rElec   .          Harm     .   (no cloak)
rCorr   .          Rampage  .   c - +0 pair of gloves
Will    .....                   (boots unavailable)
Stlth   ++........              (no amulet)
HPRegen 0.12/turn               (no ring)
MPRegen 0.00/turn               (no ring)

@: flying, very slightly contaminated
A: sickness immunity, fire resistance 2, cold vulnerability 1, float, innate
caster, hp casting, extra vitality 1
a: no special abilities


You were on level 4 of the Dungeon.
You visited 1 branch of the dungeon, and saw 4 of its levels.

You collected 182 gold pieces.

Inventory:

Hand Weapons
 h - a +0 dagger
 m - a +2 short sword of speed (weapon)
Armour
 a - a +0 robe (worn)
 c - a +0 pair of gloves (worn)
 d - a +0 helmet (worn)
Jewellery
 k - a +4 ring of protection
 o - a ring of willpower
Scrolls
 b - a scroll of enchant weapon {unknown}
 f - a scroll of amnesia {unknown}
 g - 3 scrolls of identify {unknown}
 i - 4 scrolls of teleportation {unknown}
 n - a scroll of blinking {unknown}
Potions
 e - 2 potions of heal wounds {unknown}
 j - 3 potions of curing
 l - a potion of mutation {unknown}


   Skills:
 * Level 2.0 Fighting
 + Level 2.4 Dodging
 + Level 1.8 Stealth
 * Level 4.1 Spellcasting


You couldn't memorise any spells.
You knew the following spells:

 Your Spells              Type           Power      Damage    Failure   Level
a - Foxfire               Conj/Fire      68%        2x1d7     2%          1
b - Scorch                Fire           34%        2d7       4%          2
c - Conjure Flame         Conj/Fire      17%        6-21      9%          3
d - Inner Flame           Hex/Fire       17%        N/A       9%          3
e - Flame Wave            Conj/Fire      17%        3d5       28%         4
f - Shock                 Conj/Air       68%        1d7       2%          1
g - Call Imp              Summ           17%        N/A       4%          2
Your spell library was empty.

Dungeon Overview and Level Annotations

Branches:
Dungeon (4/15)
 Temple: D:4-7

Altars:

Shops:
D:1 (

Annotations:
D:4 Blork the orc


Innate Abilities, Weirdness & Mutations

You are immune to sickness and miasma.
You are immune to poison.
Your flesh is very heat resistant. (rF++)
You are vulnerable to cold. (rC-)
You float through the air rather than walking.
You learn spells naturally, not from books.
Your magical power is your life essence.
You have superior vitality. (+4 HP)


Message History

Blork the orc is heavily wounded.
The foxfire hits Blork the orc.
Blork the orc is heavily wounded.
Blork the orc gestures at you while chanting.
The puff of frost hits you!
You feel a terrible chill!
Casting: Foxfire (safe; 2% risk of failure)
Confirm with . or Enter, or press ? or * to list all spells.
Flames lash Blork the orc.
Blork the orc is severely wounded.
Blork the orc's fire resistance burns away.
The foxfire hits the giant cockroach.
The giant cockroach is lightly wounded.
The foxfire hits Blork the orc.
Blork the orc is burned terribly!
Blork the orc is almost dead.
Blork the orc hits you from afar with a +0 trident.
Casting: Scorch (safe; 4% risk of failure)
Confirm with . or Enter, or press ? or * to list all spells.
You miscast Scorch.
You are very lightly contaminated with residual magic.
Nothing appears to happen.
* * * LOW HITPOINT WARNING * * *
Your foxfire dissipates!
Blork the orc closely misses you.
The giant cockroach bites you but does no damage.
Casting: Scorch (safe; 4% risk of failure)
Confirm with . or Enter, or press ? or * to list all spells.
Flames lash the giant cockroach.
You kill the giant cockroach!
* * * LOW HITPOINT WARNING * * *
Blork the orc looks angry.
Blork the orc casts a spell at you. The puff of flame hits you. You resist.
* * * LOW HITPOINT WARNING * * *
Blork the orc screams, "I'm much stronger than you!"
Blork the orc casts a spell at you. The puff of flame hits you. You resist.
* * * LOW HITPOINT WARNING * * *
It was a potion of curing.
You feel better.
Blork the orc hits you from afar with a +0 trident!
You die...

#...#
#...#
.$..#
#...#
....#
#...#
..†.#
#...##...#
#....#...#
##...#o..#
#....†.#
#...@..#
#...####
#####


You could see Blork the orc (fast, combustible).

Vanquished Creatures
  An orc priest (D:3)
  2 iguanas
  2 adders (D:2)
  4 orcs (D:3)
  4 ball pythons
  3 bats
  8 endoplasms
  4 giant cockroaches
  5 goblins
  9 hobgoblins
  8 kobolds
  4 quokkas
  3 frilled lizards
  6 rats
63 creatures vanquished.

Vanquished Creatures (others)
  293 foxfires
293 creatures vanquished.

Grand Total: 356 creatures vanquished

Notes
Turn   | Place    | Note
-------+----------+-------------------------------------------
     0 | D:1      | robertstho the Djinni Fire Elementalist began the quest for
                  | the Orb.
     0 | D:1      | Reached XP level 1. HP: 15/15 MP: 0/0
   353 | D:1      | Reached XP level 2. HP: 20/21 MP: 0/0
   367 | D:1      | Found a faded altar of an unknown god.
   375 | D:1      | Found Qaudeif's Weapon Shop.
  1012 | D:1      | Reached XP level 3. HP: 21/26 MP: 0/0
  1012 | D:1      | Learned a level 1 spell: Shock
  1168 | D:1      | Reached skill level 1 in Fighting
  1281 | D:2      | Reached skill level 3 in Spellcasting
  2029 | D:2      | Reached XP level 4. HP: 28/32 MP: 0/0
  3106 | D:3      | Reached XP level 5. HP: 31/38 MP: 0/0
  3106 | D:3      | Learned a level 2 spell: Call Imp
  3720 | D:4      | Reached skill level 4 in Spellcasting
  3900 | D:4      | Noticed Blork the orc
  3913 | D:4      | Slain by Blork the orc

Illustrated notes

Levels and vault maps discovered:
D:1:      shiori_shiawase, layout_basic, serial_shops, shop,
          ebering_ecumenical_altar_hall
D:2:      layout_loops_ring
D:3:      layout_rooms, hangedman_abyss_or_decor_stabs, minmay_cut_off
D:4:      kennysheep_spiral_hall, layout_basic, mainiacjoe_overflow_boulevard,
          uniq_blork_the_orc

Skill      XL: |  1  2  3  4  5 |
---------------+----------------+-----
Fighting       | 1 2 |  2.0
Spellcasting   | 3 4 |  4.1
Dodging        | |  2.4
Stealth        | |  1.8

Action                   |  1- 3 |  4- 6 || total
-------------------------+-------+-------++-------
Melee: Unarmed           |     4 |       ||     4
 Cast: Foxfire           |    90 |    96 ||   186
       Scorch            |     1 |     7 ||     8
  Use: Potion            |       |     1 ||     1
Armor: Robe              |     2 |     7 ||     9
Dodge: Dodged            |    16 |     4 ||    20

Table legend: (Time is in decaauts)
 A = Elapsed time spent in this place.
 B = Non-inter-level travel time spent in this place.
 C = Inter-level travel time spent in this place.
 D = Time resting spent in this place.
 E = Time spent auto-exploring this place.
 F = Levels seen in this place.
 G = Mean time per level.
                   A        B        C        D        E       F      G
               +--------+--------+--------+--------+--------+-----+--------+
         Total |   3911 |   3834 |     77 |      0 |   3396 |   4 |  977.8 |
       Dungeon |   3911 |   3834 |     77 |      0 |   3396 |   4 |  977.8 |
               +--------+--------+--------+--------+--------+-----+--------+

Top non-repeatable levels by time:
     D:2: 1247 daAuts
     D:1: 1247 daAuts
     D:3: 1160 daAuts
     D:4: 256 daAuts
